3AA
BILLINGS POLAR BEARS @ BETHESDA ATOMS
06/21/2042
 
TOP OF THE 1ST
Billings Polar Bears batting - Pitching for Bethesda Atoms : RHP Zhenya Gospodyni
Pitching: RHP Zhenya Gospodyni
Batting: SHB Leonardo Rodríguez 0-0: Ball
1-0: Called Strike
1-1: Foul Ball, location: 2F
1-2: Ground out 4-3 (Groundball, 4S, EV 84.4 MPH)
Batting: RHB Edward Johnson 0-0: Ball
1-0: Foul Ball, location: 2F
1-1: Ball
2-1: Called Strike
2-2: Foul Ball, location: 2F
2-2: Ball
3-2: Base on Balls
Batting: LHB Stanley Bell 0-0: Ball
1-0: Ball
2-0: SINGLE (Groundball, 5D, EV 93.8 MPH)
Edward Johnson to second
Batting: RHB Jose Reginalde 0-0: Ball
1-0: Ball
Stanley Bell steals 2nd base
Edward Johnson steals 3rd base
2-0: Called Strike
2-1: Ball
3-1: Foul Ball, location: 2F
3-2: SINGLE (Groundball, 56D, EV 97.5 MPH)
Edward Johnson scores
Stanley Bell to third
Runner from 3rd tries for Home, throw by LF and OUT! 7-2
Batting: RHB Gary Panniers 0-0: Ball
1-0: Foul Ball, location: 2F
1-1: Called Strike
1-2: Fly out, F8 (Line Drive, 8LM, EV 88.1 MPH)
Top of the 1st over - 1 run, 2 hits, 0 errors, 1 left on base; Billings 1 - Bethesda 0
BOTTOM OF THE 1ST
Bethesda Atoms batting - Pitching for Billings Polar Bears : RHP Allen Brown
Pitching: RHP Allen Brown
Batting: RHB Jorge Gardella 0-0: Ball
1-0: Called Strike
1-1: Swinging Strike
1-2: Fly out, F8 (Flyball, 8LM, EV 85.6 MPH)
Batting: LHB Vicente Torres 0-0: Foul Ball, location: 2F
0-1: Ball
1-1: Ground out U3 (Groundball, 3, EV 100.6 MPH)
Batting: LHB Xiao-gang Qing 0-0: Ball
1-0: Fly out, F8 (Flyball, 8LD, EV 102.5 MPH)
Bottom of the 1st over - 0 runs, 0 hits, 0 errors, 0 left on base; Billings 1 - Bethesda 0
TOP OF THE 2ND
Billings Polar Bears batting - Pitching for Bethesda Atoms : RHP Zhenya Gospodyni
Batting: RHB Shalom Gestel 0-0: Called Strike
0-1: Swinging Strike
0-2: Ball
1-2: DOUBLE (Groundball, 5L, EV 105.0 MPH)
Batting: RHB Pleun Vleugel 0-0: Ball
1-0: Ball
2-0: Ball
3-0: Base on Balls
Batting: RHB Conan Brown 0-0: Called Strike
0-1: Hit by Pitch
Shalom Gestel to third
Pleun Vleugel to second
Batting: RHB Kelly Johnson 0-0: Ball
1-0: Fly out, F9 (Flyball, 9D, EV 103.1 MPH)
Runner from 3rd tags up, SCORES, no throw by RF
Batting: SHB Leonardo Rodríguez 0-0: Foul Ball, location: 2F
0-1: Fly out, F7 (Flyball, 7, EV 73.8 MPH)
Batting: RHB Edward Johnson 0-0: Foul Ball, location: 2F
0-1: Ball
1-1: Called Strike
1-2: Ground out 1-3 (Groundball, 13, EV 78.8 MPH)
Top of the 2nd over - 1 run, 1 hit, 0 errors, 2 left on base; Billings 2 - Bethesda 0
BOTTOM OF THE 2ND
Bethesda Atoms batting - Pitching for Billings Polar Bears : RHP Allen Brown
Batting: LHB Kyle Fitzgerald 0-0: Called Strike
0-1: Ball
1-1: Ball
2-1: Foul Ball, location: 2F
2-2: Ball
3-2: Strikes out swinging
Batting: RHB Byron Shadix 0-0: Foul Ball, location: 2F
0-1: Fly out, F3 (Popup, 3SF, EV 82.5 MPH)
Batting: LHB Ayub Kuthakwakulu 0-0: Foul Ball, location: 2F
0-1: Ball
1-1: SOLO HOME RUN (Flyball, 89XD, EV 104.4 MPH), Distance : 406 ft
Batting: SHB Christian Davis 0-0: DOUBLE (Groundball, 3L, EV 102.5 MPH)
Batting: RHB Scipione Borghese 0-0: Called Strike
0-1: Swinging Strike
0-2: Ball
1-2: Ball
2-2: Ground out 5-3 (Groundball, 56, EV 88.8 MPH)
Bottom of the 2nd over - 1 run, 2 hits, 0 errors, 1 left on base; Billings 2 - Bethesda 1
TOP OF THE 3RD
Billings Polar Bears batting - Pitching for Bethesda Atoms : RHP Zhenya Gospodyni
Batting: LHB Stanley Bell 0-0: Foul Ball, location: 2F
0-1: SINGLE (Groundball, 34, EV 103.8 MPH) (infield hit)
Batting: RHB Jose Reginalde 0-0: Foul Ball, location: 2F
0-1: Foul Ball, location: 2F
0-2: Ball
1-2: Strikes out looking
Batting: RHB Gary Panniers 0-0: Swinging Strike
0-1: Foul Ball, location: 2F
0-2: Ball
1-2: Ball
2-2: Ball
3-2: Foul Ball, location: 2F
3-2: Base on Balls
Stanley Bell to second
Batting: RHB Shalom Gestel 0-0: Ball
1-0: Foul Ball, location: 2F
1-1: Foul Ball, location: 2F
1-2: Fielders Choice at 2nd, 5-4 (Groundball, 56, EV 87.5 MPH)
Stanley Bell to third
Batting: RHB Pleun Vleugel 0-0: Ball
1-0: SINGLE (Flyball, 8RS, EV 91.9 MPH)
Stanley Bell scores
Shalom Gestel to second
Batting: RHB Conan Brown 0-0: Called Strike
0-1: Ball
1-1: Foul Ball, location: 2F
1-2: Strikes out looking
Top of the 3rd over - 1 run, 2 hits, 0 errors, 2 left on base; Billings 3 - Bethesda 1
BOTTOM OF THE 3RD
Bethesda Atoms batting - Pitching for Billings Polar Bears : RHP Allen Brown
Batting: LHB Manny Medina 0-0: Called Strike
0-1: Foul Ball, location: 2F
0-2: Foul Ball, location: 2F
0-2: Ball
1-2: Strikes out swinging
Batting: RHB Jorge Gardella 0-0: Ball
1-0: Foul Ball, location: 2F
1-1: Called Strike
1-2: Ball
2-2: Fly out, F7 (Flyball, 78M, EV 86.9 MPH)
Batting: LHB Vicente Torres 0-0: Ball
1-0: Foul Ball, location: 2F
1-1: Ball
2-1: Ball
3-1: Fly out, F8 (Flyball, 8LD, EV 76.9 MPH)
Bottom of the 3rd over - 0 runs, 0 hits, 0 errors, 0 left on base; Billings 3 - Bethesda 1
TOP OF THE 4TH
Billings Polar Bears batting - Pitching for Bethesda Atoms : RHP Zhenya Gospodyni
Batting: RHB Kelly Johnson 0-0: Ball
1-0: Ball
2-0: Called Strike
2-1: Swinging Strike
2-2: Strikes out swinging
Batting: SHB Leonardo Rodríguez 0-0: Fly out, F9 (Flyball, 9S, EV 95.0 MPH)
Batting: RHB Edward Johnson 0-0: Ball
1-0: Called Strike
1-1: Fly out, F6 (Line Drive, 6, EV 70.0 MPH)
Top of the 4th over - 0 runs, 0 hits, 0 errors, 0 left on base; Billings 3 - Bethesda 1
BOTTOM OF THE 4TH
Bethesda Atoms batting - Pitching for Billings Polar Bears : RHP Allen Brown
Batting: LHB Xiao-gang Qing 0-0: Ball
1-0: Ground out 3-1 (Groundball, 34, EV 107.5 MPH)
Batting: LHB Kyle Fitzgerald 0-0: Foul Ball, location: 2F
0-1: Ball
1-1: Ball
2-1: Swinging Strike
2-2: Ball
3-2: DOUBLE (Line Drive, 9LM, EV 103.8 MPH)
Batting: RHB Byron Shadix 0-0: Ball
1-0: Ball
2-0: Ball
3-0: Called Strike
3-1: Base on Balls
Batting: LHB Ayub Kuthakwakulu 0-0: Ball
1-0: Called Strike
1-1: Called Strike
1-2: Strikes out looking
Batting: SHB Christian Davis 0-0: Ball
1-0: Called Strike
1-1: Fly out, F6 (Line Drive, 6, EV 70.0 MPH)
Bottom of the 4th over - 0 runs, 1 hit, 0 errors, 2 left on base; Billings 3 - Bethesda 1
TOP OF THE 5TH
Billings Polar Bears batting - Pitching for Bethesda Atoms : RHP Zhenya Gospodyni
Batting: LHB Stanley Bell 0-0: SOLO HOME RUN (Flyball, 9LD, EV 102.5 MPH), Distance : 334 ft
Batting: RHB Jose Reginalde 0-0: Called Strike
0-1: Ball
1-1: Ball
2-1: Ball
3-1: Foul Ball, location: 2F
3-2: Strikes out swinging
Batting: RHB Gary Panniers 0-0: Ball
1-0: Called Strike
1-1: Ball
2-1: Called Strike
2-2: Strikes out looking
Batting: RHB Shalom Gestel 0-0: Called Strike
0-1: Called Strike
0-2: Foul Ball, location: 2F
0-2: Foul Ball, location: 2F
0-2: Foul Ball, location: 2F
0-2: Fly out, F6 (Line Drive, 6, EV 71.2 MPH)
Top of the 5th over - 1 run, 1 hit, 0 errors, 0 left on base; Billings 4 - Bethesda 1
BOTTOM OF THE 5TH
Bethesda Atoms batting - Pitching for Billings Polar Bears : RHP Allen Brown
Batting: RHB Scipione Borghese 0-0: Swinging Strike
0-1: Swinging Strike
0-2: Ball
1-2: Strikes out swinging
Batting: LHB Manny Medina 0-0: SINGLE (Line Drive, 8RS, EV 93.8 MPH)
Batting: RHB Jorge Gardella 0-0: Called Strike
0-1: Ball
1-1: Ball
2-1: Ball
3-1: SINGLE (Groundball, 6D, EV 100.0 MPH)
Manny Medina to second
Batting: LHB Vicente Torres 0-0: Fielders Choice at 2nd, 3-6 (Groundball, 3, EV 85.6 MPH)
Manny Medina to third
Batting: LHB Xiao-gang Qing 0-0: Ball
1-0: SINGLE (Groundball, 4MS, EV 81.2 MPH) (infield hit)
Manny Medina scores
Vicente Torres to second
Batting: LHB Kyle Fitzgerald 0-0: Ball
1-0: Foul Ball, location: 2F
1-1: Ball
2-1: 3-RUN HOME RUN (Flyball, 9D, EV 96.2 MPH), Distance : 368 ft
Batting: RHB Byron Shadix 0-0: Ball
1-0: Ball
2-0: Called Strike
2-1: Foul Ball, location: 2F
2-2: Fly out, F3 (Flyball, 3D, EV 72.5 MPH)
Bottom of the 5th over - 4 runs, 4 hits, 0 errors, 0 left on base; Billings 4 - Bethesda 5
TOP OF THE 6TH
Billings Polar Bears batting - Pitching for Bethesda Atoms : RHP Zhenya Gospodyni
Batting: RHB Pleun Vleugel 0-0: Ball
1-0: Called Strike
1-1: Foul Ball, location: 2F
1-2: Foul Ball, location: 2F
1-2: Strikes out swinging
Pitching: RHP Eric O'Slattery
Batting: RHB Conan Brown 0-0: SINGLE (Line Drive, 7S, EV 99.4 MPH)
Batting: RHB Kelly Johnson 0-0: Called Strike
0-1: Swinging Strike
0-2: Ball
1-2: Ball
2-2: Strikes out swinging
Batting: SHB Leonardo Rodríguez Pickoff Throw to First - Error! E1
Conan Brown to second
0-0: Ball
1-0: Ball
2-0: Ball
3-0: Base on Balls
Batting: RHB Edward Johnson 0-0: Called Strike
0-1: Foul Ball, location: 2F
0-2: Ball
1-2: Ball
2-2: Fielders Choice at 2nd, 5-4 (Groundball, 56, EV 85.0 MPH)
Top of the 6th over - 0 runs, 1 hit, 1 error, 2 left on base; Billings 4 - Bethesda 5
BOTTOM OF THE 6TH
Bethesda Atoms batting - Pitching for Billings Polar Bears : RHP Allen Brown
Pitching: RHP Ron Stevens
Batting: LHB Ayub Kuthakwakulu 0-0: Ball
1-0: Swinging Strike
1-1: Ball
2-1: Ball
3-1: Called Strike
3-2: Ground out 1-3 (Groundball, 34S, EV 63.8 MPH)
Batting: SHB Christian Davis 0-0: Ground out 6-3 (Groundball, 6, EV 88.1 MPH)
Batting: RHB Scipione Borghese 0-0: Ball
1-0: Ground out 5-3 (Groundball, 56, EV 85.0 MPH)
Bottom of the 6th over - 0 runs, 0 hits, 0 errors, 0 left on base; Billings 4 - Bethesda 5
TOP OF THE 7TH
Billings Polar Bears batting - Pitching for Bethesda Atoms : RHP Eric O'Slattery
Batting: LHB Stanley Bell 0-0: Fly out, F7 (Flyball, 7S, EV 76.9 MPH)
Batting: RHB Jose Reginalde 0-0: Called Strike
0-1: Ball
1-1: Ground out 6-3 (Groundball, 6, EV 85.0 MPH)
Batting: RHB Gary Panniers 0-0: Fly out, F8 (Flyball, 8LXD, EV 98.8 MPH)
Top of the 7th over - 0 runs, 0 hits, 0 errors, 0 left on base; Billings 4 - Bethesda 5
BOTTOM OF THE 7TH
Bethesda Atoms batting - Pitching for Billings Polar Bears : RHP Ron Stevens
Batting: LHB Manny Medina 0-0: Ball
1-0: Ball
2-0: Ball
3-0: Called Strike
3-1: Ground out 1-3 (Groundball, 13S, EV 73.1 MPH)
Batting: RHB Jorge Gardella 0-0: Ball
1-0: Called Strike
1-1: Swinging Strike
1-2: Ball
2-2: SOLO HOME RUN (Flyball, 9LD, EV 96.2 MPH), Distance : 346 ft
Batting: LHB Vicente Torres 0-0: Ball
1-0: Foul Ball, location: 2F
1-1: Ground out 4-3 (Groundball, 4, EV 109.4 MPH)
Batting: LHB Xiao-gang Qing 0-0: Foul Ball, location: 2F
0-1: DOUBLE (Line Drive, 78D, EV 109.4 MPH)
Pitching: RHP Michael Rice
Batting: LHB Kyle Fitzgerald 0-0: Foul Ball, location: 2F
0-1: Called Strike
0-2: Ball
1-2: Ball
2-2: Fly out, F9 (Flyball, 9S, EV 90.0 MPH)
Bottom of the 7th over - 1 run, 2 hits, 0 errors, 1 left on base; Billings 4 - Bethesda 6
TOP OF THE 8TH
Billings Polar Bears batting - Pitching for Bethesda Atoms : RHP Eric O'Slattery
Batting: RHB Shalom Gestel 0-0: Ball
1-0: SINGLE (Line Drive, 34, EV 96.9 MPH)
Batting: RHB Pleun Vleugel 0-0: Swinging Strike
0-1: Foul Ball, location: 2F
0-2: Ball
1-2: Strikes out looking
Batting: RHB Conan Brown 0-0: Fly out, F8 (Line Drive, 8LM, EV 96.9 MPH)
Batting: RHB Kelly Johnson 0-0: Ball
1-0: Called Strike
1-1: Called Strike
1-2: SINGLE (Groundball, 6D, EV 95.0 MPH)
Shalom Gestel to second
Pitching: RHP Alco Roelofs
Batting: SHB Leonardo Rodríguez 0-0: Ball
1-0: Ball
2-0: Fly out, F8 (Line Drive, 8LM, EV 93.8 MPH)
Top of the 8th over - 0 runs, 2 hits, 0 errors, 2 left on base; Billings 4 - Bethesda 6
BOTTOM OF THE 8TH
Bethesda Atoms batting - Pitching for Billings Polar Bears : RHP Michael Rice
Batting: RHB Byron Shadix 0-0: DOUBLE (Groundball, 5L, EV 103.8 MPH)
Batting: LHB Ayub Kuthakwakulu 0-0: Ball
1-0: Ball
2-0: Ball
3-0: Called Strike
3-1: Called Strike
3-2: Base on Balls
Batting: SHB Christian Davis 0-0: Ball
1-0: Ball
2-0: Called Strike
2-1: Sac Bunt to 5S - play at first, batter OUT! 5-3
Byron Shadix to third
Ayub Kuthakwakulu to second
Batting: RHB Scipione Borghese 0-0: Ball
1-0: 3-RUN HOME RUN (Flyball, 7D, EV 96.9 MPH), Distance : 352 ft
Batting: LHB Manny Medina 0-0: Ground out 4-3 (Groundball, 4M, EV 108.8 MPH)
Batting: RHB Jorge Gardella 0-0: Ball
1-0: Swinging Strike
1-1: Ball
2-1: Ball
3-1: Fly out, F9 (Line Drive, 9, EV 87.5 MPH)
Bottom of the 8th over - 3 runs, 2 hits, 0 errors, 0 left on base; Billings 4 - Bethesda 9
TOP OF THE 9TH
Billings Polar Bears batting - Pitching for Bethesda Atoms : RHP Alco Roelofs
Batting: RHB Edward Johnson 0-0: Called Strike
0-1: Ball
1-1: Ball
2-1: Ball
3-1: Base on Balls
Batting: LHB Stanley Bell 0-0: Called Strike
0-1: Called Strike
0-2: SINGLE (Line Drive, 8RS, EV 105.6 MPH)
Edward Johnson to second
Batting: RHB Jose Reginalde 0-0: Called Strike
0-1: Swinging Strike
0-2: Ball
1-2: Strikes out swinging
Batting: RHB Gary Panniers 0-0: Ball
1-0: Foul Ball, location: 2F
1-1: Ball
2-1: Called Strike
2-2: Ball
3-2: Fielders Choice at 2nd, 6-4 (Groundball, 6M, EV 82.5 MPH)
Edward Johnson to third
Batting: RHB Shalom Gestel 0-0: Ball
1-0: Ball
2-0: Fly out, F3 (Line Drive, 3, EV 66.9 MPH)
Top of the 9th over - 0 runs, 1 hit, 0 errors, 2 left on base; Billings 4 - Bethesda 9
Friday, March 26th, 2021 - OOTP Baseball 20.8 Build 74